 Dungeon Crawl Stone Soup version 0.19.0-2-gae57169 (webtiles) character file.

10028 hurricos the Archer (level 11, -17/77 HPs)
             Began as a High Elf Gladiator on Nov 6, 2016.
             Was a Priest of the Shining One.
             Killed from afar by Harold (42 damage)
             ... with a bolt of fire
             ... on level 10 of the Dungeon.
             The game lasted 00:16:03 (12748 turns).

hurricos the Archer (High Elf Gladiator)           Turns: 12748, Time: 00:16:04

Health: -17/77     AC:  7    Str: 16    XL:     11   Next: 30%
Magic:  14/14      EV: 27    Int: 14    God:    the Shining One [***...]
Gold:   174        SH:  0    Dex: 16    Spells: 0 memorised, 10 levels left

rFire  . . .     SeeInvis .     a - +0 quarterstaff {HAND OF GOD}
rCold  . . .     Gourm    .     g - +0 leather armour (curse)
rNeg   + . .     Faith    .     (shield currently unavailable)
rPois  .         Spirit   .     c - +1 helmet
rElec  +         Reflect  .     m - +0 cloak
rCorr  .         Harm     .     (no gloves)
MR     +....                    u - +0 pair of boots
Stlth  +.........               y - amulet of the Air {Inacc +Fly rElec EV+5 RMsl}
                                d - ring of stealth
                                q - +4 ring of evasion

@: lethally poisoned (-17 -> -19), glowing, repel missiles
A: no striking features
a: Divine Shield, Renounce Religion, Evoke Flight


You were on level 10 of the Dungeon.
You worshipped the Shining One.
The Shining One was most pleased with you.
You were not hungry.

You visited 2 branches of the dungeon, and saw 12 of its levels.
You also visited: Ossuary.

You collected 697 gold pieces.
You spent 523 gold pieces at shops.

Inventory:

Hand Weapons
 a - a +0 quarterstaff (weapon) {HAND OF GOD}
 b - a +2 longbow {FLIGHT OF GOD}
Missiles
 k - 164 arrows
Armour
 c - a +1 helmet (worn)
 g - a cursed +0 leather armour (worn)
 h - a +0 troll leather armour
 m - a +0 cloak (worn)
 r - a +0 leather armour
 u - a +0 pair of boots (worn)
 L - the +4 ring mail "Kanuuv" {rPois rC+ Str+4, unknown}
   (You found it on level 9 of the Dungeon)

   It affects your strength (+4).
   It protects you from cold.
   It protects you from poison.
Jewellery
 d - a ring of stealth (right hand)
 j - an uncursed amulet of faith
 q - a +4 ring of evasion (left hand)
 t - the ring of Piawop {rElec rC+ MR- Stlth-}
   (You found it on level 8 of the Dungeon)

   [ring of loudness]

   It protects you from cold.
   It insulates you from electricity.
   It affects your resistance to hostile enchantments.
   It makes you less stealthy.
 w - an uncursed amulet of harm
 y - the amulet of the Air (around neck) {Inacc +Fly rElec EV+5 RMsl}
   (You bought it in a shop on level 6 of the Dungeon)

   [amulet of inaccuracy]

   It reduces the accuracy of all your attacks.
   It affects your evasion (+5).
   It insulates you from electricity.
   It lets you fly.
   It protects you from missiles.
 C - an uncursed amulet of rage
 K - a +4 amulet of reflection {unknown}
Wands
 o - a wand of random effects (29/48)
 p - a wand of acid (0/15)
 s - a wand of paralysis (21/24)
 E - a wand of digging (12/24)
 G - a wand of enslavement (13/24)
 H - a wand of flame (25/48)
Scrolls
 l - a scroll of recharging
 n - 6 scrolls of teleportation
 M - a scroll of blinking
Potions
 e - 3 potions of flight
 f - a potion of resistance {unknown}
 i - 4 potions of magic
 v - 2 potions of might {unknown}
 x - 2 potions of heal wounds
 z - 2 potions of lignification {unknown}
 A - 2 potions of experience {unknown}
 B - 2 potions of curing
 D - a potion of mutation {unknown}
 J - a potion of cure mutation {unknown}
Comestibles
 F - 24 fruits
 I - a bread ration


   Skills:
 + Level 8.1 Fighting
 + Level 11.0 Staves
 + Level 11.2 Bows
 - Level 2.0 Throwing
 + Level 9.0 Dodging
 + Level 3.5 Invocations


You had 10 spell levels left.
You didn't know any spells.

Dungeon Overview and Level Annotations

Branches:
Dungeon (11/15)            Temple (1/1) D:5            Lair (0/6) D:10
    Orc: D:9-12

Altars:
Ashenzari
Cheibriados
Dithmenos
Elyvilon
Fedhas
Gozag
Hepliaklqana
Kikubaaqudgha
Nemelex Xobeh
Okawaru
Qazlal
Ru
Sif Muna
Trog
Uskayaw
Vehumet
Xom
Yredelemnul
Zin
The Shining One

Shops:
D:5 !   D:6 =

Annotations:
D:4 Menkaure
D:10 Harold
D:11 Urug


Message History

Aim: Harold, wielding a trident and wearing a ring mail (lightly wounded, haloed)
The bolt of acid hits Harold.
Harold is splashed with acid.
Harold is heavily wounded.
Evoking this partially-identified wand wasted a few charges.
You feel sick. The orc hits you but does no damage.
Harold hits you but does no damage.
A hill giant comes into view. It is wielding a giant club.
Evoke which item? (* to show all) (? for menu, Esc to quit)
Zapping:
p - a wand of acid {zapped: 9} (will waste charges)
Press: ? - help, Shift-Dir - straight line, f/p - Harold
Aim: Harold, wielding a trident and wearing a ring mail (heavily wounded, haloed) Nothing appears to happen.
The orc completely misses you.
Harold points at you and mumbles some strange words.
The bolt of fire hits you!
The bolt of fire hits the orc.
The orc dies!
You feel sick.
Harold points at you and mumbles some strange words.
The bolt of fire hits you!
Ouch! That really hurt!
You die...

..##................#........#
..##................#......#.#
..##........(.......#......#.#
..##................#####....#
..##....................#....#
..##....................'..#.#
..##....................#..#.#
..####################'##....#
..#...........@>@............#
###..##......######......###.#
#..##......######......###.#
#..##......................#
###..........................#
...###################...<...#
.#.#............# #.......#
.#.#....).......# #.......#
...'.........(..# #.......#


You could see Harold.

Vanquished Creatures
  2 gargoyles (D:10)
  A kobold demonologist (D:7)
  3 trolls
  A two-headed ogre (D:10)
  Prince Ribbit (D:8)
  5 hippogriffs
  Grinder (D:3)
  16 yaks
  A water moccasin (D:7)
  A black bear (D:6)
  An ice beast (D:6)
  5 orc warriors
  An eye of draining (D:9)
  2 sky beasts (D:6)
  7 ogres
  2 centaurs
  A phantom (D:7)
  3 big kobolds
  6 bullfrogs
  2 water moccasin skeletons (D:6)
  4 scorpions
  7 killer bees
  4 wights (D:7)
  2 howler monkeys
  A centaur zombie (D:8)
  4 crimson imps
  A bullfrog zombie (D:9)
  4 hounds
  3 jellies
  8 orc wizards
  2 centaur skeletons
  3 orc priests
  Jessica (D:3)
  4 iguanas
  9 worker ants
  A killer bee zombie (D:6)
  5 big kobold zombies (Ossuary)
  A hound zombie (D:6)
  4 mummies (Ossuary)
  A howler monkey skeleton (D:5)
  9 adders
  3 shadow imps
  An ooze (D:1)
  4 adder zombies
  2 adder skeletons
  3 worms
  5 leopard geckos
  35 orcs
  5 giant cockroaches
  A gnoll zombie (Ossuary)
  2 hobgoblins
  6 jackals
  2 quokkas
  2 ball pythons (D:1)
  4 bats
  6 frilled lizards
  A hobgoblin zombie (Ossuary)
  A jackal skeleton (D:8)
  2 jackal zombies (Ossuary)
  12 kobolds
  A leopard gecko zombie (D:6)
  A quokka zombie (D:8)
  5 rats
  2 rat zombies (Ossuary)
246 creatures vanquished.

Vanquished Creatures (others)
  An orc (D:10)
1 creature vanquished.

Grand Total: 247 creatures vanquished

Notes
Turn   | Place    | Note
-------+----------+-------------------------------------------
     0 | D:1      | hurricos the High Elf Gladiator began the quest for the Orb.
     0 | D:1      | Reached XP level 1. HP: 14/14 MP: 2/2
   257 | D:1      | Reached XP level 2. HP: 15/19 MP: 3/3
   409 | D:1      | You fall through a shaft!
   808 | D:2      | Found an opulent altar of Gozag.
   835 | D:2      | Reached XP level 3. HP: 13/24 MP: 4/4
  1558 | D:2      | Found a white marble altar of Elyvilon.
  1665 | D:3      | Noticed Grinder
  1669 | D:3      | Paralysed by Grinder for 7 turns
  1690 | D:3      | Paralysed by Grinder for 5 turns
  1700 | D:3      | Killed Grinder
  1700 | D:3      | Reached XP level 4. HP: 24/29 MP: 5/5
  1700 | D:3      | Reached XP level 5. HP: 28/34 MP: 6/6
  1874 | D:3      | Reached XP level 6. HP: 39/39 MP: 7/7
  2056 | D:3      | Noticed Jessica
  2064 | D:3      | Killed Jessica
  2608 | D:4      | Reached XP level 7. HP: 46/46 MP: 8/8
  2670 | D:4      | Found a hazy altar of Hepliaklqana.
  2849 | D:4      | Noticed Menkaure
  3056 | D:4      | Found a radiant altar of Vehumet.
  3230 | D:4      | You fall through a shaft for 2 floors!
  3234 | D:6      | Found Oziahall's Jewellery Shop.
  3804 | D:5      | Entered Level 5 of the Dungeon
  3804 | D:5      | Found a shadowy altar of Dithmenos.
  3847 | D:5      | Found Tanueb's Distillery.
  3879 | D:5      | Found a staircase to the Ecumenical Temple.
  3885 | Temple   | Entered the Ecumenical Temple
  3899 | Temple   | Became a worshipper of the Shining One
  3927 | D:5      | Found a sand-covered staircase.
  3936 | Ossuary  | Entered an ossuary
  3936 | Ossuary  | Reached * piety under the Shining One
  3952 | Ossuary  | Reached skill level 5 in Dodging
  3963 | Ossuary  | Reached XP level 8. HP: 27/54 MP: 9/9
  4051 | Ossuary  | Reached ** piety under the Shining One
  4229 | Ossuary  | OH MY DAYS
  4229 | Ossuary  | IT'S HAPPENING
  5211 | D:6      | Reached skill level 1 in Bows
  5459 | D:6      | Reached skill level 5 in Fighting
  5758 | D:6      | Reached XP level 9. HP: 40/61 MP: 10/10
  5804 | D:6      | Reached *** piety under the Shining One
  5895 | D:6      | Reached skill level 5 in Bows
  6116 | D:6      | Found a hazy altar of Hepliaklqana.
  6466 | D:7      | You fall through a shaft for 2 floors!
  6466 | D:9      | Found a basalt altar of Yredelemnul.
  7026 | D:8      | Noticed Prince Ribbit
  7041 | D:8      | Killed Prince Ribbit
  7315 | D:8      | RAR
  8286 | D:8      | Got a bound tin ring
  8424 | D:8      | Identified the ring of Piawop {rElec rC+ MR- Stlth-} (You found it on level 8 of the Dungeon)
  8520 | D:9      | Reached XP level 10. HP: 60/69 MP: 11/11
  8533 | D:9      | Reached skill level 10 in Staves
  8847 | D:9      | Got a jade-encrusted ring mail
  9542 | D:7      | Reached **** piety under the Shining One
 10755 | D:7      | Reached skill level 10 in Bows
 10946 | D:6      | Bought the amulet of the Air {Inacc +Fly rElec EV+5 RMsl} for 523 gold pieces
 11060 | D:10     | Entered Level 10 of the Dungeon
 11307 | D:10     | Reached skill level 1 in Invocations
 11721 | D:10     | Reached XP level 11. HP: 56/76 MP: 13/13
 11754 | D:10     | Found a staircase to the Lair.
 12674 | D:11     | Noticed a hill giant
 12739 | D:11     | Noticed Urug
 12739 | D:11     | Noticed Harold
 12739 | D:11     | Noticed a hill giant
 12747 | D:10     | Noticed a hill giant
 12748 | D:10     | Killed from afar by Harold

Skill      XL: |  1  2  3  4  5  6  7  8  9 10 11 |
---------------+----------------------------------+-----
Staves         | 4 6 7 8 9 10 11 | 11.0
Fighting       | 3 4 5 6 7 8 |  8.1
Dodging        | 5 6 7 8 9 |  9.0
Bows           | 4 8 10 11 | 11.2
Invocations    | 2 3 |  3.5
Throwing       | |  2.0

Action                   |  1- 3 |  4- 6 |  7- 9 | 10-12 || total
-------------------------+-------+-------+-------+-------++-------
Melee: Quarterstaff      |   115 |    79 |   466 |   306 ||   966
 Fire: Longbow           |       |       |    45 |   111 ||   156
Throw: Throwing net      |     4 |     1 |     2 |       ||     7
Evoke: Wand              |       |       |       |     7 ||     7
  Use: Scroll            |     3 |       |    12 |     9 ||    24
       Potion            |     1 |       |     8 |     1 ||    10
 Stab: Held in net/web   |     1 |     1 |     2 |       ||     4
       Sleeping          |       |       |     2 |       ||     2
       Distracted        |       |       |       |     1 ||     1
  Eat: Chunk             |     2 |     3 |     1 |     1 ||     7
       Bread ration      |       |       |     3 |     1 ||     4
       Meat ration       |       |       |     1 |     1 ||     2
       Pizza             |       |       |       |     1 ||     1
       Fruit             |       |       |       |     2 ||     2
Armor: Leather armour    |    29 |    21 |    74 |    49 ||   173
Dodge: Dodged            |    97 |    41 |   444 |   354 ||   936
       Deflected         |       |       |       |     2 ||     2
